Map: World of Sleepers LE

Players

DPGPartinG (PartinG)

  • Race: Protoss Protoss
  • League: Grandmaster
  • Spawn Location: 1:00

lllllllllll (sOs) - Winner!

  • Race: Protoss Protoss
  • League: Grandmaster
  • Spawn Location: 7:00

VOD

Have the link to the VOD?

Description

Time

  • Played on: Jan. 9, 2020, 6:20 a.m.
  • Length: 8:22
Show
View Real Time Build Order
Export as new Build Order

DPGPartinG Protoss 

Build Orders:  

Get SALT Encoding   

  12  0:00  Probe  
  13  0:12  Probe  
  14  0:17  Pylon  
  14  0:24  Probe (Chrono Boost)  
  15  0:36  Gateway  
  15  0:37  Probe (Chrono Boost)  
  16  0:45  Probe (Chrono Boost), Assimilator  
  17  0:51  Probe  
  18  0:57  Assimilator  
  18  1:03  Probe (Chrono Boost)  
  19  1:08  Gateway  
  19  1:12  Probe (Chrono Boost)  
  19  1:17  Probe (Chrono Boost)  
  20  1:25  Cybernetics Core  
  21  1:30  Probe  
  22  1:36  Pylon  
  22  1:43  Probe  
  23  2:01  Warp Gate, Robotics Facility  
  23  2:03  Stalker  
  25  2:10  Stalker  
  25  2:14  Probe  
  28  2:22  Pylon  
  28  2:32  Stalker  
  29  2:45  Immortal (Chrono Boost)  
  33  2:53  Stalker  
  35  3:01  Pylon  
  35  3:16  Warp Prism (Chrono Boost)  
  31  3:49  Stalker x2  
  31  3:53  Stalker x2  
  35  3:56  Observer  
  36  4:07  Probe, Gateway  
  37  4:16  Stalker x2  
  41  4:17  Immortal (Chrono Boost), Observer  
  45  4:28  Pylon  
  45  4:43  Stalker x2  
  35  5:08  Probe  
  36  5:19  Sentry, Stalker  
  40  5:23  Probe  
  41  5:39  Probe  
  42  5:47  Stalker x2  
  43  5:51  Probe  
  43  6:03  Probe  
  44  6:15  Probe  
  45  6:24  Sentry, Zealot  
  49  6:28  Probe  
  50  6:35  Observer  
  47  6:40  Probe  
  44  6:53  Probe  
  47  7:06  Probe  
  47  7:07  Twilight Council  
  46  7:13  Pylon  
  46  7:18  Probe  
  47  7:24  Shield Battery  
  47  7:29  Pylon  
  47  7:32  Probe  
  48  7:41  Observer  
  48  7:57  Nexus  
  48  8:00  Sentry  
  48  8:03  Probe  
  48  8:18  Stalker  
Show
View Real Time Build Order
Export as new Build Order

lllllllllll Protoss - Winner!

Build Orders:  

Get SALT Encoding   

  12  0:00  Probe  
  13  0:13  Probe  
  14  0:17  Pylon  
  14  0:25  Probe (Chrono Boost)  
  16  0:36  Gateway  
  16  0:37  Probe (Chrono Boost)  
  16  0:43  Probe (Chrono Boost)  
  16  0:45  Assimilator  
  17  0:51  Probe  
  17  0:54  Assimilator  
  18  1:03  Probe (Chrono Boost)  
  19  1:11  Gateway  
  19  1:14  Probe (Chrono Boost)  
  20  1:19  Probe (Chrono Boost)  
  20  1:23  Cybernetics Core  
  21  1:29  Probe  
  22  1:35  Pylon  
  22  1:41  Probe  
  23  1:54  Probe  
  24  2:01  Warp Gate (Chrono Boost), Stalker x2  
  28  2:20  Pylon  
  28  2:31  Stalker  
  28  2:32  Pylon  
  30  2:45  Gateway  
  30  2:46  Gateway  
  30  2:50  Stalker  
  32  2:57  Probe  
  33  3:08  Shield Battery  
  33  3:16  Pylon  
  33  3:38  Stalker x2  
  35  3:43  Stalker x2  
  37  4:05  Stalker x2  
  37  4:06  Stalker  
  43  4:12  Stalker  
  45  4:19  Shield Battery  
  45  4:28  Pylon  
  45  4:29  Sentry  
  45  4:43  Sentry  
  47  4:55  Stalker x3  
  44  5:08  Twilight Council  
  44  5:19  Adept x2  
  48  5:26  Shield Battery  
  48  5:31  Sentry  
  48  5:39  Zealot  
  50  5:46  Blink (Chrono Boost)  
  46  6:03  Adept  
  46  6:04  Adept  
  48  6:11  Gateway  
  48  6:16  Stalker  
  50  6:24  Pylon  
  48  6:28  Stalker  
  48  6:43  Phoenix  
  48  6:46  Stalker  
  46  6:56  Stalker  
  48  7:14  Probe  
  49  7:17  Pylon  
  49  7:26  Robotics Facility  
  49  7:39  Sentry  
  49  7:51  Nexus  
  49  7:54  Probe  
Tags
 
Add a new tag
Caveats
  • Supply blocks, unpowered buildings, or Contaminate may cause inaccurate times.
  • Supply counts are checked every 10 seconds.